 Dungeon Crawl Stone Soup version 0.18.1-8-gdd0e5ea (webtiles) character file.

28 mrath the Digger (level 3, 0/19 HPs)
             Began as a Gargoyle Earth Elementalist on May 23, 2016.
             Slain by a gnoll
             ... wielding a +0 whip
              (9 damage)
             ... on level 1 of the Dungeon.
             The game lasted 00:05:45 (951 turns).

mrath the Digger (Gargoyle Earth Elementalist)       Turns: 951, Time: 00:05:45

Health: 0/19       AC:  5    Str: 11    XL:     3   Next: 14%
Magic:  7/7        EV: 12    Int: 16    God:
Gold:   56         SH:  0    Dex: 10    Spells: 2 memorised, 3 levels left

rFire  . . .     SeeInvis .     e - +0 spear
rCold  . . .     Gourm    .     a - +0 robe
rNeg   + . .     Faith    .     (no shield)
rPois  ∞         Spirit   .     (no helmet)
rElec  +         Dismiss  .     (no cloak)
rCorr  .         Reflect  .     (no gloves)
SustAt .         Harm     .     (no boots)
MR     .....                    (no amulet)
Stlth  ++........               (no ring)
                                (no ring)

@: not resistant to hostile enchantments, unstealthy
A: negative energy resistance 1, electricity resistance, unbreathing,
petrification resistance, rot immunity, AC +3
a: no special abilities


You were on level 1 of the Dungeon.
You were not hungry.

You visited 1 branch of the dungeon, and saw 2 of its levels.

You collected 56 gold pieces.

Inventory:

Hand Weapons
 e - a +0 spear (weapon)
Missiles
 b - 23 stones (quivered)
 f - 15 sling bullets
Armour
 a - a +0 robe (worn)
Scrolls
 h - a scroll of remove curse {unknown}
Potions
 i - 2 potions of haste {unknown}
Books
 c - a book of Geomancy

   Spells                             Type                      Level
   a - Sandblast                      Earth                        1
   b - Passwall                       Transmutation/Earth          2
   c - Stone Arrow                    Conjuration/Earth            3
   d - Petrify                        Transmutation/Earth          4
   e - Lee's Rapid Deconstruction     Earth                        5
Comestibles
 d - a bread ration
 g - 5 chunks of flesh


   Skills:
 - Level 1.5 Dodging
 - Level 2.1 Stealth
 * Level 2.9 Spellcasting
 + Level 0.0 Conjurations
   Level 0.7 Transmutations
 + Level 4.1 Earth Magic


You had 3 spell levels left.
You knew the following spells:

 Your Spells              Type           Power        Failure   Level  Hunger
a - Sandblast             Erth           ###...       4%          1    #......
b - Stone Arrow           Conj/Erth      #.....       28%         3    ###....


Dungeon Overview and Level Annotations

Branches:
Dungeon (2/15)

Altars:


Innate Abilities, Weirdness & Mutations

You are resistant to torment.
Your stone body is resilient (AC +3).
You are immune to poison.
You resist negative energy.
You are resistant to electric shocks.
You can survive without breathing.
You are immune to petrification.
You are immune to rotting.


Message History

The gnoll barely misses you.
You completely miss the gnoll.
The gnoll is heavily wounded.
The gnoll misses you.
You closely miss the gnoll.
The gnoll is heavily wounded.
The gnoll closely misses you.
You hit the gnoll.
The gnoll is severely wounded.
The gnoll closely misses you.
You hit the gnoll.
The gnoll is almost dead.
The gnoll hits you with a whip.
You hit the gnoll but do no damage.
The gnoll is almost dead.
The gnoll hits you with a whip.
You barely miss the gnoll.
The gnoll is almost dead.
The gnoll hits you with a whip!
You die...

##### ##...## #.###.###### ###)#
#....@g## #########
#...###.......# #........
#.##...#####..# #.#######
####.###.## #..######.##
#....###.######..........# #
#.....................#..######
###.##.###.#.......###..#........
##...#.###.##.##.#..........##.#.
.......##...#.##.###..≈≈≈≈...#...


You could see a gnoll.

Vanquished Creatures
  A dart slug (D:1)
  2 giant cockroaches (D:1)
  5 goblins (D:1)
  2 hobgoblins (D:1)
  4 bats (D:1)
  2 giant newts (D:1)
  7 kobolds (D:1)
  2 rats (D:1)
25 creatures vanquished.

Notes
Turn   | Place    | Note
--------------------------------------------------------------
     0 | D:1      | mrath the Gargoyle Earth Elementalist began the quest for the Orb.
     0 | D:1      | Reached XP level 1. HP: 10/10 MP: 3/3
   151 | D:1      | Reached XP level 2. HP: 15/15 MP: 1/5
   326 | D:1      | Reached skill level 4 in Earth Magic
   715 | D:1      | Reached XP level 3. HP: 19/19 MP: 5/7
   720 | D:1      | Learned a level 3 spell: Stone Arrow
   951 | D:1      | Slain by a gnoll

Skill      XL: |  1  2 |
---------------+-------+-----
Earth Magic    | 4 |  4.1
Dodging        | |  1.5
Stealth        | |  2.1
Spellcasting   | |  2.9
Transmutations | |  0.7

Action                   || total
-------------------------++-------
Melee: Spear             ||    64
 Cast: Sandblast         ||    15
 Stab: Distracted        ||     1
       Sleeping          ||     1
Armor: Robe              ||    18
Dodge: Dodged            ||    43
